 Dungeon Crawl Stone Soup version 0.17.1-3-g152610e (webtiles) character file.

1811 Jerry the Blocker (level 9, -13/57 HPs)
             Began as a Formicid Fighter on Mar 8, 2016.
             Was an Elder of the Shining One.
             Mangled by an orc warrior
             ... wielding a +0 war axe
              (17 damage)
             ... in a bailey.
             The game lasted 00:42:23 (7784 turns).

Jerry the Blocker (Formicid Fighter)                Turns: 7784, Time: 00:42:23

Health: -13/57     AC:  9    Str: 24    XL:     9   Next: 31%
Magic:  12/12      EV: 10    Int:  6    God:    the Shining One [****..]
Gold:   159        SH: 11    Dex: 10    Spells: 0 memorised, 8 levels left

rFire  . . .     SeeInvis +     a - +0 long sword
rCold  + . .     Clarity  .     x - +1 ring mail of Myucs {MR+}
rNeg   + + .     SustAt   .     c - +0 shield
rPois  .         Gourm    .     (helmet unavailable)
rElec  +         Spirit   .     (no cloak)
rCorr  .         Warding  .     (no gloves)
rMut   .         Stasis   +     u - +1 pair of boots
MR     +....                    (no amulet)
Stlth  ..........               (no ring)
                                m - ring "Path" {rElec rC+ Int+2}

@: flying, glowing, somewhat resistant to hostile enchantments, extremely
unstealthy
A: permanent stasis, dig shafts and tunnels, four strong arms, antennae 3, dopey
2, frail 1
a: Dig, Shaft Self, Divine Shield, Cleansing Flame, Renounce Religion


You were in a bailey.
You worshipped the Shining One.
The Shining One was greatly pleased with you.
You were not hungry.

You visited 2 branches of the dungeon, and saw 8 of its levels.
You also visited: Ossuary and Bailey.

You collected 159 gold pieces.

Inventory:

Hand Weapons
 a - a +0 long sword (weapon)
Armour
 c - a +0 shield (worn)
 u - a +1 pair of boots (worn)
 x - the +1 ring mail of Myucs (worn) {MR+}
   (You found it on level 4 of the Dungeon)

   It affects your resistance to hostile enchantments.
Jewellery
 m - the ring "Path" (left hand) {rElec rC+ Int+2}
   (You found it on level 6 of the Dungeon)

   [ring of protection from cold]

   It affects your intelligence (+2).
   It protects you from cold.
   It insulates you from electricity.
Wands
 d - a wand of magic darts (19)
 o - a wand of lightning (8)
 r - a wand of fire (5)
Scrolls
 b - 2 scrolls of enchant weapon
 j - 2 scrolls of identify
 l - a scroll of immolation {unknown}
 q - a scroll of remove curse {unknown}
Potions
 k - a potion of lignification
 n - 2 potions of curing {unknown}
 p - a potion of resistance {unknown}
 t - 2 potions of mutation {unknown}
 w - 2 potions of heal wounds {unknown}
 z - a potion of cancellation {unknown}
 A - 2 potions of berserk rage
Comestibles
 e - 5 bread rations
 h - a beef jerky
 i - 5 meat rations
 s - 8 fruits


   Skills:
 - Level 3.2 Fighting
 + Level 6.7 Long Blades
 + Level 7.3 Armour
 + Level 8.1 Shields
 + Level 4.7 Invocations


You had 8 spell levels left.
You didn't know any spells.

Dungeon Overview and Level Annotations

Branches:
Dungeon (7/15)             Temple (1/1) D:5

Altars:
Ashenzari
Cheibriados
Dithmenos
Elyvilon
Fedhas
Gozag
Kikubaaqudgha
Makhleb
Nemelex Xobeh
Okawaru
Qazlal
Ru
Sif Muna
Trog
Vehumet
Xom
Yredelemnul
Zin
The Shining One


Innate Abilities, Weirdness & Mutations

You are under a permanent stasis effect.
You can dig through walls and to a lower floor.
Your four strong arms can wield two-handed weapons with a shield.
You have a pair of large antennae on your head (SInv).
You are very dopey. (Int -4)
You are frail (-10% HP).


Message History

You block the gnoll's attack.
The orc warrior hits you with a war axe!!
The orc knight shouts!
You barely miss the orc warrior.
The gnoll splashes around in the water.
You barely miss the orc warrior.
The orc knight roars a battlecry!
The orc warrior goes into a battle-frenzy!
The gnoll hits you but does no damage.
You hit the orc knight but do no damage.
The orc warrior closely misses you. You block the gnoll's attack.
The orc knight hits you with a broad axe!!
You hit the orc knight but do no damage.
The orc warrior hits you with a war axe!
* * * LOW HITPOINT WARNING * * *
The gnoll barely misses you.
You fail to use your ability.
The orc knight hits you with a broad axe.
* * * LOW HITPOINT WARNING * * *
The orc warrior hits you with a war axe!
You die...

##....... #........ '##
.....⌠... #..# .......#
#..# # ##.....#{'..### ##
≈≈#.....o###K{.K ..
≈≈≈≈≈≈...oo#Kg####K####
≈≈≈≈≈≈≈≈≈g@####.......#
##
#....≈≈≈≈≈≈≈∩#{......#K≈≈
##....(.≈≈≈≈≈#########≈≈≈
##....(..≈≈≈≈≈≈≈≈≈≈≈≈≈≈
###....(....≈≈≈≈≈≈≈≈#
####.............#
####...(..∩..##
###....(..## ####..(..##


You could see an orc knight, an orc warrior (frenzied), a gnoll and an orc
(frenzied).

Vanquished Creatures
  The ghost of urm the Digger, an amateur GrEE (Ossuary)
  A sky beast (D:6)
  A wasp (D:3)
  An ice beast (D:7)
  2 ogres
  An orc warrior (Bailey)
  2 phantoms (D:6)
  An elf zombie (Ossuary)
  3 centaur zombies (Ossuary)
  A human zombie (Ossuary)
  2 hounds
  2 jellies
  2 orc wizards
  A centaur skeleton (D:6)
  2 iguanas
  4 worker ants
  3 big kobold zombies (Ossuary)
  A hound skeleton (D:6)
  A hound zombie (D:5)
  2 mummies (Ossuary)
  7 adders
  7 gnolls
  A shadow imp (D:6)
  2 oozes
  2 adder zombies (D:5)
  6 worms
  2 giant geckos
  10 orcs
  A ball python (D:5)
  4 giant cockroaches
  10 goblins
  6 hobgoblins
  7 jackals
  13 kobolds
  4 quokkas
  14 bats
  A giant cockroach zombie (D:5)
  6 giant newts
  A goblin zombie (Ossuary)
  12 hobgoblin zombies (Ossuary)
  A jackal skeleton (D:5)
  A jackal zombie (Ossuary)
  7 kobold zombies (Ossuary)
  8 orc zombies (Ossuary)
  A quokka zombie (D:6)
  7 rats
175 creatures vanquished.

Notes
Turn   | Place    | Note
--------------------------------------------------------------
     0 | D:1      | Jerry the Formicid Fighter began the quest for the Orb.
     0 | D:1      | Reached XP level 1. HP: 18/18 MP: 1/1
   248 | D:1      | Reached XP level 2. HP: 22/24 MP: 2/2
   532 | D:1      | Reached skill level 4 in Shields
   671 | D:1      | Reached XP level 3. HP: 29/29 MP: 3/3
  1504 | D:2      | Reached XP level 4. HP: 33/35 MP: 4/4
  2493 | D:3      | Reached XP level 5. HP: 23/41 MP: 5/5
  2499 | D:3      | Reached skill level 5 in Shields
  2954 | D:3      | Reached XP level 6. HP: 9/47 MP: 6/6
  3452 | D:3      | Noticed a wasp
  3455 | D:3      | You fall through a shaft for 2 floors!
  3455 | D:5      | Entered Level 5 of the Dungeon
  3824 | D:4      | Got a translucent ring mail
  3913 | D:3      | Reached skill level 5 in Armour
  3913 | D:3      | Reached skill level 6 in Shields
  3913 | D:3      | Reached XP level 7. HP: 52/52 MP: 7/7
  4022 | D:3      | Killed a wasp
  4337 | D:4      | Reached skill level 5 in Long Blades
  4651 | D:4      | Found a bloodstained altar of Trog.
  4827 | D:5      | Found a staircase to the Ecumenical Temple.
  4841 | Temple   | Entered the Ecumenical Temple
  4846 | Temple   | Became a worshipper of the Shining One
  5007 | D:5      | Found an ancient bone altar of Kikubaaqudgha.
  5152 | D:5      | Reached skill level 1 in Invocations
  5152 | D:5      | Reached XP level 8. HP: 40/58 MP: 8/8
  5183 | D:5      | HP: 2/58 [poisoned by a worker ant]
  5188 | D:5      | HP: 4/87 [poisoned by a worker ant]
  5677 | D:5      | Identified the cursed +1 ring mail of Myucs {MR+} (You found it on level 4 of the Dungeon)
  5678 | D:5      | Found a blossoming altar of Fedhas.
  5682 | D:5      | Found a deep blue altar of Sif Muna.
  5682 | D:5      | Found a sparkling altar of Nemelex Xobeh.
  5695 | D:5      | Found a shadowy altar of Dithmenos.
  5698 | D:5      | Found a stormy altar of Qazlal.
  5830 | D:6      | Reached * piety under the Shining One
  5871 | D:6      | Got a slimy jade ring
  5898 | D:6      | Reached skill level 7 in Shields
  6127 | D:6      | Gained mutation: You are frail (-10% HP). [mutagenic meat]
  6128 | D:6      | Gained mutation: Your muscles are strong. (Str +2) [mutagenic meat]
  6130 | D:6      | Lost mutation: Your muscles are strong. (Str +2) [mutagenic meat]
  6131 | D:6      | Gained mutation: You are dopey. (Int -2) [mutagenic meat]
  6132 | D:6      | Gained mutation: You are very dopey. (Int -4) [mutagenic meat]
  6640 | D:7      | Found a sand-covered staircase.
  6646 | Ossuary  | Entered an ossuary
  6702 | Ossuary  | Reached ** piety under the Shining One
  6793 | Ossuary  | Reached *** piety under the Shining One
  6799 | Ossuary  | Reached XP level 9. HP: 57/57 MP: 11/11
  6884 | Ossuary  | Noticed urm's ghost (amateur GrEE)
  6884 | Ossuary  | Reached **** piety under the Shining One
  6897 | Ossuary  | Killed urm's ghost
  6897 | Ossuary  | Reached skill level 8 in Shields
  7007 | D:7      | Found a flagged portal.
  7018 | D:7      | Identified the ring "Path" {rElec rC+ Int+2} (You found it on level 6 of the Dungeon)
  7025 | Bailey   | Entered a bailey
  7037 | Bailey   | Noticed an orc knight
  7072 | Bailey   | HP: 2/57 [orc warrior/war axe (11)]
  7784 | Bailey   | Mangled by an orc warrior

Action                   |  1- 3 |  4- 6 |  7- 9 || total
-------------------------+-------+-------+-------++-------
Melee: Long sword        |   138 |   219 |   438 ||   795
 Abil: Shaft Self        |       |     1 |       ||     1
  Use: Scroll            |       |     6 |     8 ||    14
       Potion            |       |     2 |    10 ||    12
  Eat: Chunk             |     2 |     9 |    14 ||    25
       Fruit             |       |       |     2 ||     2
       Pizza             |       |       |     2 ||     2
